Map: Frozen Temple

Players

ruo

  • Race: Zerg Zerg
  • League: Master

Miszu - Winner!

  • Race: Terran Terran
  • League: Master

VOD

Have the link to the VOD?

Description

Time

  • Played on: May 9, 2016, 4:53 p.m.
  • Length: 8:43
Show
View Real Time Build Order
Export as new Build Order

ruo Zerg 

Build Orders: Hatch First 

Get SALT Encoding   

  12  0:01  Drone  
  13  0:12  Overlord  
  13  0:17  Drone  
  14  0:32  Drone x2  
  14  0:35  Drone  
  17  0:52  Hatchery  
  17  0:54  Drone  
  17  0:58  Drone  
  18  1:08  Extractor  
  17  1:12  Spawning Pool  
  17  1:16  Drone  
  17  1:19  Drone  
  18  1:28  Drone  
  19  1:41  Overlord  
  19  1:59  Queen  
  19  2:00  Zergling x4  
  23  2:03  Queen  
  23  2:04  Zergling x2  
  26  2:11  Drone  
  26  2:12  Metabolic Boost  
  26  2:15  Drone  
  28  2:21  Overlord  
  28  2:31  Drone  
  28  2:35  Queen, Drone  
  31  2:37  Drone  
  33  2:44  Drone  
  33  2:47  Zergling x2  
  34  2:54  Zergling x2  
  34  2:58  Drone  
  36  3:06  Overlord  
  36  3:07  Drone  
  36  3:10  Drone x3  
  40  3:16  Extractor  
  40  3:19  Overlord  
  39  3:21  Drone  
  40  3:29  Drone x2  
  40  3:30  Drone  
  40  3:33  Drone  
  42  3:41  Hatchery  
  41  3:42  Drone x2  
  41  3:44  Queen  
  41  3:48  Queen  
  45  3:53  Drone x4  
  51  3:56  Drone  
  51  4:01  Zergling x2  
  53  4:07  Zergling x2  
  53  4:08  Spore Crawler  
  53  4:11  Drone x2  
  53  4:12  Overlord  
  53  4:16  Drone  
  56  4:17  Drone  
  56  4:21  Extractor  
  56  4:23  Zergling x2  
  57  4:28  Zergling x4  
  59  4:34  Evolution Chamber  
  59  4:35  Evolution Chamber  
  59  4:36  Overlord  
  57  4:41  Overlord  
  57  4:45  Spore Crawler  
  56  4:47  Overlord  
  56  4:50  Drone  
  56  4:51  Drone x3  
  60  4:53  Drone  
  60  4:54  Drone  
  60  4:57  Drone x2  
  60  4:59  Zerg Melee Weapons Level 1  
  64  5:02  Drone  
  64  5:03  Zerg Ground Armor Level 1  
  64  5:05  Drone x2  
  68  5:07  Drone  
  68  5:08  Drone  
  68  5:11  Drone x3  
  72  5:14  Drone  
  72  5:18  Drone  
  72  5:19  Drone  
  75  5:26  Lair  
  75  5:29  Extractor  
  75  5:30  Extractor  
  75  5:33  Drone x4  
  77  5:37  Drone x3  
  77  5:38  Drone  
  77  5:39  Hatchery  
  80  5:46  Drone x2  
  80  5:47  Baneling Nest  
  80  5:49  Drone x3  
  84  5:53  Drone  
  84  5:54  Drone  
  86  6:02  Zergling x6  
  86  6:03  Zergling x2  
  90  6:04  Zergling x2  
  81  6:12  Zergling x2  
  81  6:13  Zergling x2  
  81  6:15  Zergling x4  
  81  6:18  Zergling x2  
  77  6:21  Zergling x4  
  77  6:22  Zergling x4  
  60  6:26  Zergling x2  
  58  6:34  Drone  
  58  6:36  Drone  
  58  6:39  Hatchery  
  53  6:44  Drone  
  46  6:50  Drone  
  44  7:00  Drone x2  
  46  7:03  Drone x2  
  48  7:09  Drone  
  48  7:10  Drone x2  
  48  7:13  Drone  
  52  7:15  Drone  
  52  7:18  Drone  
  52  7:22  Drone  
  52  7:23  Drone  
  52  7:26  Drone  
  52  7:27  Drone  
  52  7:28  Drone  
  56  7:33  Drone  
  56  7:35  Drone  
  58  7:43  Overlord  
  58  7:44  Zergling x6  
  61  7:45  Zergling x4  
  63  7:54  Drone x4  
  63  7:55  Zergling x6, Drone  
  63  7:56  Baneling x3  
  63  7:57  Baneling  
  72  7:58  Zergling x2  
  72  8:01  Zergling x2  
  72  8:02  Zergling x2  
  72  8:04  Drone  
  75  8:08  Overlord  
  75  8:09  Zergling x4  
  75  8:10  Zergling x2  
  78  8:17  Zergling x2  
  78  8:21  Zergling x4  
  78  8:23  Zergling x2  
  78  8:24  Zergling x4  
Show
View Real Time Build Order
Export as new Build Order

Miszu Terran - Winner!

Build Orders: Reaper Expand, Hellion Banshee 

Get SALT Encoding   

  12  0:01  SCV  
  13  0:13  SCV  
  14  0:20  Supply Depot  
  14  0:25  SCV  
  15  0:41  SCV  
  16  0:43  Barracks  
  16  0:46  Refinery  
  16  0:53  SCV  
  17  1:07  SCV  
  18  1:19  SCV  
  19  1:31  Orbital Command  
  19  1:32  Reaper  
  20  1:41  Command Center  
  20  1:52  Supply Depot  
  20  1:57  SCV  
  21  2:04  Marine  
  21  2:06  Factory  
  22  2:09  SCV  
  23  2:17  Refinery  
  23  2:21  SCV  
  24  2:23  Barracks Reactor  
  24  2:33  SCV  
  25  2:45  SCV  
  26  2:54  Starport  
  26  2:56  Orbital Command  
  26  2:57  SCV  
  27  3:02  Hellion  
  27  3:04  Hellion, Barracks Tech Lab  
  31  3:09  SCV  
  32  3:22  SCV  
  32  3:24  SCV  
  34  3:34  SCV  
  34  3:36  Hellion x2, SCV  
  37  3:41  Barracks Reactor  
  37  3:42  Banshee  
  37  3:46  SCV  
  37  3:47  Supply Depot  
  41  3:53  SCV  
  42  3:57  Hellion x2  
  46  4:04  Supply Depot  
  46  4:06  Armory  
  46  4:08  SCV x2  
  48  4:21  SCV x2  
  50  4:25  Liberator x2  
  50  4:33  SCV  
  50  4:35  Command Center  
  50  4:37  SCV  
  55  4:42  Supply Depot  
  55  4:45  SCV  
  59  4:46  Refinery  
  59  4:48  Refinery  
  59  4:49  SCV  
  59  4:50  Hellion  
  62  5:04  Hellion, SCV x2  
  62  5:05  Supply Depot  
  66  5:14  Hellion  
  66  5:17  SCV  
  69  5:23  Liberator, SCV  
  69  5:27  Supply Depot, Hellion  
  72  5:29  Liberator  
  72  5:34  Supply Depot  
  72  5:36  Hellion  
  77  5:45  Starport  
  77  5:46  SCV  
  77  5:48  Starport, Orbital Command  
  81  5:50  SCV  
  82  6:06  Hellion x2, Liberator, SCV  
  87  6:12  Liberator  
  85  6:30  SCV  
  85  6:39  Starport Tech Lab, Banshee  
  86  6:41  SCV  
  81  6:48  SCV  
  81  6:53  SCV  
  78  6:56  Orbital Command  
  76  7:02  Banshee  
  76  7:04  SCV  
  76  7:05  SCV  
  76  7:06  Starport, Liberator  
  76  7:07  Starport  
  81  7:15  Marine  
  81  7:16  SCV  
  81  7:17  SCV  
  81  7:20  Viking  
  81  7:22  Hellion x2  
  90  7:26  SCV  
  90  7:28  SCV  
  95  7:42  Supply Depot  
  95  7:44  SCV  
  95  7:46  SCV  
  95  7:47  SCV  
  95  7:49  Starport Tech Lab x2  
  98  7:51  Refinery  
  98  7:52  Refinery  
  98  7:53  Fusion Core  
  98  7:56  SCV  
  98  7:57  Banshee x2  
  98  7:58  SCV  
  106  7:59  SCV  
  107  8:08  SCV  
  107  8:10  SCV  
  107  8:11  SCV  
  110  8:21  SCV  
Tags
 
Add a new tag
Caveats
  • Supply blocks, unpowered buildings, or Contaminate may cause inaccurate times.
  • Supply counts are checked every 10 seconds.